[Event "*** Titled Tuesday Blitz"]
[Site "Chess.com"]
[Date "2020.05.26"]
[Round "1"]
[White "TokChess"]
[Black "stanyga"]
[Result "1-0"]
[WhiteElo "2303"]
[BlackElo "2588"]
[TimeControl "180+1"]
[EndTime "10:04:40 PDT"]
[Termination "TokChess won by resignation"]

1. Nf3 Nf6 2. g3 g6 3. Bg2 Bg7 4. O-O O-O 5. c4 c5 6. Nc3 Nc6 7. d4 cxd4 8. Nxd4 Rb8 9. Nc2 d6 10. b3 Bd7 11. Bb2 a6 12. Nd5 Nxd5 13. Bxg7 Ne3 14. Nxe3 Kxg7 15. Rc1 Qa5 16. a4 Rfc8 17. Nd5 Be6 18. Nf4 Qe5 19. Nxe6+ Qxe6 20. Qd2 a5 21. Rfd1 b6 22. e3 Qf6 23. h4 h5 24. Qe2 Nb4 25.
Rd4 Rc5 26. Rcd1 Rbc8 27. Rf4 Rf5 28. Qd2 Rxf4 29. exf4 Na6 30. Bb7 1-0

[Event "*** Titled Tuesday Blitz"]
[Site "Chess.com"]
[Date "2020.05.26"]
[Round "1"]
[White "gena217"]
[Black "underdogchss"]
[Result "1-0"]
[WhiteElo "2839"]
[BlackElo "2410"]
[TimeControl "180+1"]
[EndTime "10:04:41 PDT"]
[Termination "gena217 won by resignation"]

1. e4 c5 2. Nf3 d6 3. c3 Nf6 4. h3 g6 5. Bd3 Bg7 6. Bc2 O-O 7. d4 cxd4 8. cxd4 d5 9. e5 Ne4 10.
O-O Nc6 11. Nc3 Nxc3 12. bxc3 f6 13. exf6 exf6 14. Re1 Re8 15. Rb1 Rxe1+ 16. Qxe1 Kf7 17. Bf4 b6 18. Qe2 Be6 19. Re1 Qd7 20. Ba4 Rc8 21. h4 Bg4 22. Qe3 Qe6 23. Qd2 Qf5 24. Nh2 Qd7 25. c4 Be6 26. Rxe6 Qxe6 27. cxd5 Qe4 28. dxc6 1-0

[Event "*** Titled Tuesday Blitz"]
[Site "Chess.com"]
[Date "2020.05.26"]
[Round "1"]
[White "davidkalashian"]
[Black "Caterpiller35"]
[Result "1-0"]
[WhiteElo "2607"]
[BlackElo "2263"]
[TimeControl "180+1"]
[EndTime "10:04:41 PDT"]
[Termination "davidkalashian won by resignation"]

1. e4 c5 2. Nc3 Nc6 3. Nf3 e5 4. Bc4 Be7 5. d3 Nf6 6. Nd2 d6 7. Nf1 O-O 8. Ne3 Nd7 9. Ncd5 Bg5 10. c3 Nb6 11. Bb3 Kh8 12. O-O Nxd5 13. Nxd5 Bxc1 14.
Rxc1 f5 15. f4 fxe4 16. dxe4 exf4 17. Nxf4 Ne5 18. h3 Qh4 19. Qxd6 Bxh3 20. Qxe5 Rae8 21. Qh5 Rxf4 22. Qxe8+ 1-0

[Event "*** Titled Tuesday Blitz"]
[Site "Chess.com"]
[Date "2020.05.26"]
[Round "1"]
[White "BEEkhishig"]
[Black "lelya96"]
[Result "1-0"]
[WhiteElo "2612"]
[BlackElo "2275"]
[TimeControl "180+1"]
[EndTime "10:04:44 PDT"]
[Termination "BEEkhishig won by resignation"]

1. c4 Nf6 2. Nc3 e6 3. g3 Bb4 4. Bg2 c6 5. Nf3 O-O 6. O-O d5 7. d4 b6 8. Qb3 Be7 9. Bf4 Bb7 10.
Rac1 Nbd7 11. Rfd1 Rc8 12. Ne5 Nh5 13. Be3 f5 14. cxd5 exd5 15. Nxd5 Nxe5 16. Nxe7+ Kh8 17. Nxc8 Ng4 18. Nxa7 f4 19. Bxf4 Nxf4 20. gxf4 Rxf4 21. Qg3 Qf6 22. e3 1-0

[Event "*** Titled Tuesday Blitz"]
[Site "Chess.com"]
[Date "2020.05.26"]
[Round "1"]
[White "PKCLUB"]
[Black "AndrewDGreen"]
[Result "1-0"]
[WhiteElo "2635"]
[BlackElo "2299"]
[TimeControl "180+1"]
[EndTime "10:04:46 PDT"]
[Termination "PKCLUB won by resignation"]

1. Nf3 c5 2. b3 Nc6 3. Bb2 d6 4. c4 e5 5. g3 g6 6. Bg2 Bg7 7.
Nc3 Nge7 8. O-O O-O 9. e3 Rb8 10. Rb1 a6 11. a4 Bf5 12. d3 Qd7 13. Ng5 h6 14. Nge4 Bg4 15. f3 Be6 16. f4 Nf5 17. Qd2 exf4 18. gxf4 Nxe3 19. Qxe3 Bd4 20. Qxd4 cxd4 21.
Nf6+ Kg7 22. Nxd7 dxc3 23. Bxc3+ Kh7 24. Nxf8+ Rxf8 25. d4 1-0

[Event "*** Titled Tuesday Blitz"]
[Site "Chess.com"]
[Date "2020.05.26"]
[Round "1"]
[White "barbara25"]
[Black "Chessialist"]
[Result "0-1"]
[WhiteElo "2197"]
[BlackElo "2545"]
[TimeControl "180+1"]
[EndTime "10:04:46 PDT"]
[Termination "Chessialist won by resignation"]

1. e4 c5 2. Nf3 d6 3. d4 cxd4 4. Nxd4 Nf6 5. f3 g6 6. c4 Bg7 7. Nc3 O-O 8. Be3 Nc6 9. Qd2 Bd7 10. Be2 Rc8 11. O-O a6 12. Rac1 Nxd4 13. Bxd4 Bc6 14.
Rfd1 Nd7 15. Bxg7 Kxg7 16. f4 Qb6+ 17. Kh1 Rfe8 18. f5 Ne5 19. b3 Qf2 20. Rf1 Qh4 21. Nd5 Bxd5 22. exd5 Qh6 23. Qd4 g5 24. Rc3 Qf6 25.
Rg3 h6 26. Kg1 Rc7 27. h4 Nf3+ 0-1

[Event "*** Titled Tuesday Blitz"]
[Site "Chess.com"]
[Date "2020.05.26"]
[Round "1"]
[White "CraiggoryC"]
[Black "Gyapiking"]
[Result "0-1"]
[WhiteElo "2118"]
[BlackElo "2507"]
[TimeControl "180+1"]
[EndTime "10:04:47 PDT"]
[Termination "Gyapiking won on time"]

1. e4 Nc6 2. Nc3 Nf6 3. f4 d5 4. e5 Ne4 5. Nf3 Bg4 6. Bd3 Nc5 7. Be2 d4 8. Nxd4 Qxd4 9. Bxg4 Qxf4 10. e6 Nxe6 11.
Bxe6 fxe6 12. d3 Qh4+ 13. g3 Qh3 14. Qe2 Nd4 15. Qf2 O-O-O 16. Be3 e5 17. O-O-O g6 18. Ne4 Bh6 19. Kb1 Rhf8 20. Qd2 Bxe3 21. Qxe3 Kb8 22. Ng5 Qh6 23. h4 Nc6 0-1

[Event "*** Titled Tuesday Blitz"]
[Site "Chess.com"]
[Date "2020.05.26"]
[Round "1"]
[White "Khamrakulov_Djurabek"]
[Black "ChessyInstinct"]
[Result "0-1"]
[WhiteElo "2763"]
[BlackElo "2416"]
[TimeControl "180+1"]
[EndTime "10:04:48 PDT"]
[Termination "ChessyInstinct won by resignation"]

1. e4 d5 2. e5 d4 3. f4 c5 4. Nf3 Nc6 5. g3 e6 6. d3 Nge7 7. Nbd2 Nf5 8. Ne4 Be7 9. Bg2 h5 10. h3 a6 11. Qe2 b5 12. O-O Bb7 13. Bd2 Qb6 14. a4 Rc8 15. axb5 axb5 16. Kh2 c4 17. Nfg5 Nb4 18. Rac1 Nd5 19. Rfe1 Nde3 20. Bf3 h4 21. g4 Ng3 22. Bxe3 Nxe2 23. Rxe2 dxe3 0-1

[Event "*** Titled Tuesday Blitz"]
[Site "Chess.com"]
[Date "2020.05.26"]
[Round "1"]
[White "Semen_Khanin"]
[Black "S_Kalvaitis"]
[Result "1-0"]
[WhiteElo "2695"]
[BlackElo "2332"]
[TimeControl "180+1"]
[EndTime "10:04:49 PDT"]
[Termination "Semen_Khanin won by resignation"]

1. e4 e5 2. Nf3 Nc6 3. Bb5 a6 4. Ba4 Nf6 5. O-O Be7 6. d3 b5 7.
Bb3 O-O 8. Nc3 d6 9. a3 Na5 10.
Ba2 c5 11. Nh4 Nxe4 12. Nxe4 Bxh4 13. Qh5 Be7 14. f4 exf4 15. Bxf4 Be6 16. Bxe6 fxe6 17. Qg4 Qd7 18. Bh6 Rxf1+ 19. Rxf1 Bd8 20. Bxg7 Qxg7 21. Qxe6+ 1-0

[Event "*** Titled Tuesday Blitz"]
[Site "Chess.com"]
[Date "2020.05.26"]
[Round "1"]
[White "lupta_robin"]
[Black "ViktoriyaTarasova"]
[Result "1-0"]
[WhiteElo "2611"]
[BlackElo "2274"]
[TimeControl "180+1"]
[EndTime "10:04:49 PDT"]
[Termination "lupta_robin won by resignation"]

1. e4 c5 2. b3 d6 3. Bb2 Nc6 4. Bb5 e5 5. Ne2 Nf6 6. Nbc3 Be7 7. O-O O-O 8. Bxc6 bxc6 9. f4 exf4 10. Nxf4 Bg4 11. Qe1 Re8 12. Qg3 Bd7 13. Rae1 Bf8 14. d3 Kh8 15. Nd1 Be7 16. Ne3 Be6 17. Nxe6 fxe6 18.
e5 dxe5 19. Bxe5 Rg8 20. Nc4 a5 21. a4 Ra7 22. Qh3 Qd7 23. Rf4 Bd8 24. Rh4 h6 25. Rf1 Nh7 26. Rxh6 1-0

[Event "*** Titled Tuesday Blitz"]
[Site "Chess.com"]
[Date "2020.05.26"]
[Round "1"]
[White "diablanni"]
[Black "ManuDavid2910"]
[Result "0-1"]
[WhiteElo "2332"]
[BlackElo "2695"]
[TimeControl "180+1"]
[EndTime "10:04:50 PDT"]
[Termination "ManuDavid2910 won by resignation"]

1. e4 c5 2. Nf3 Nc6 3. Bb5 e6 4.
Bxc6 bxc6 5. b3 d5 6. Nc3 Nf6 7.
e5 Nd7 8. d3 Be7 9. O-O O-O 10.
Re1 f6 11. exf6 Bxf6 12. Bb2 e5 13. Na4 Re8 14. c4 Ba6 15. Qc2 Rc8 16. Rad1 Qc7 17. Qc1 h6 18. h3 Rf8 19. Qe3 d4 20. Qe4 Rce8 21. Ba3 Be7 22. Nd2 Bd6 23. Qg4 Nf6 24. Qg6 Qa5 25. Ne4 Nxe4 26. Rxe4 Rd8 27. Bc1 Rf6 28. Qg3 Rdf8 29. f3 Bc8 30. Bd2 Qc7 31. Ree1 e4 32. Qh4 exf3 0-1

[Event "*** Titled Tuesday Blitz"]
[Site "Chess.com"]
[Date "2020.05.26"]
[Round "1"]
[White "bmt011"]
[Black "Kavyev_Ruslan"]
[Result "0-1"]
[WhiteElo "2064"]
[BlackElo "2490"]
[TimeControl "180+1"]
[EndTime "10:04:50 PDT"]
[Termination "Kavyev_Ruslan won on time"]

1. d4 Nf6 2. Bf4 c5 3. c3 Qb6 4. Qc1 cxd4 5. Nf3 dxc3 6. Nxc3 Nc6 7. e4 d6 8. Bb5 g6 9. Bh6 Bg4 10. Bxf8 Rxf8 11. Ng1 a6 12. Ba4 O-O-O 13. Bxc6 Qxc6 14. Qd2 Kb8 15. Rc1 Nxe4 16. Qe3 Nxc3 17. Rxc3 Qxg2 18.
f3 Be6 0-1

[Event "*** Titled Tuesday Blitz"]
[Site "Chess.com"]
[Date "2020.05.26"]
[Round "1"]
[White "Barbus89"]
[Black "GoltsevDmitry2000"]
[Result "0-1"]
[WhiteElo "2313"]
[BlackElo "2676"]
[TimeControl "180+1"]
[EndTime "10:04:51 PDT"]
[Termination "GoltsevDmitry2000 won by resignation"]

1. d4 Nf6 2. Nf3 g6 3. g3 Bg7 4. Bg2 O-O 5. O-O e6 6. c4 d5 7. Ne5 c6 8. Nc3 Nbd7 9. Nxd7 Nxd7 10. e4 dxc4 11. a4 a5 12. Qe2 Nb6 13. Rd1 Qe7 14. Be3 Rd8 15. d5 c5 16. Nb5 exd5 17. exd5 Bf5 18. d6 Qe5 19. Bxb7 Rab8 20. Bc6 Qxb2 21. Qxb2 Bxb2 22. Ra2 c3 23. Bxc5 c2 0-1

[Event "*** Titled Tuesday Blitz"]
[Site "Chess.com"]
[Date "2020.05.26"]
[Round "1"]
[White "Koksik_13"]
[Black "manuellarrea"]
[Result "1-0"]
[WhiteElo "2522"]
[BlackElo "2163"]
[TimeControl "180+1"]
[EndTime "10:04:52 PDT"]
[Termination "Koksik_13 won by resignation"]

1. d4 Nf6 2. Nc3 d5 3. Bf4 e6 4. Nb5 Na6 5. e3 c6 6. Nc3 Nb8 7. Nf3 Nbd7 8. Ne5 Nxe5 9. Bxe5 Bd6 10. f4 O-O 11. Bd3 b6 12. Qf3 a5 13. Qh3 g6 14. O-O Ba6 15. Qh6 Bxd3 16. cxd3 Re8 17. Rf3 Bf8 18. Qh3 Bg7 19. Raf1 c5 20. Nb5 cxd4 21.
Nc7 dxe3 22. Nxe8 Qxe8 23. Rxe3 Rc8 24. Qh4 Nh5 25. g4 Bxe5 26. fxe5 Ng7 27. Qh6 1-0

[Event "*** Titled Tuesday Blitz"]
[Site "Chess.com"]
[Date "2020.05.26"]
[Round "1"]
[White "Forking_U"]
[Black "KuzubovYuriy"]
[Result "0-1"]
[WhiteElo "2347"]
[BlackElo "2779"]
[TimeControl "180+1"]
[EndTime "10:04:53 PDT"]
[Termination "KuzubovYuriy won on time"]

1. e4 c6 2. d4 d5 3. e5 Bf5 4.
h4 h5 5. Bd3 Bxd3 6. Qxd3 e6 7.
Bg5 Qa5+ 8. Nd2 Qb5 9. c4 dxc4 10. Nxc4 Bb4+ 11. Ke2 Nh6 12. Bxh6 Rxh6 13. Nf3 Nd7 14. Ng5 Be7 15. Ne4 Kf8 16. Rh3 Nb6 17. b3 Nd5 18.
Rf3 Kg8 19. Rxf7 Kxf7 20. Ncd6+ Bxd6 21. Nxd6+ Kg8 22. Nxb5 Nf4+ 0-1

[Event "*** Titled Tuesday Blitz"]
[Site "Chess.com"]
[Date "2020.05.26"]
[Round "1"]
[White "ElCoachRene"]
[Black "talman67"]
[Result "0-1"]
[WhiteElo "2204"]
[BlackElo "2556"]
[TimeControl "180+1"]
[EndTime "10:04:54 PDT"]
[Termination "talman67 won by resignation"]

1. d4 Nf6 2. Bf4 e6 3. e3 c5 4. c3 cxd4 5. exd4 b6 6. Nd2 Be7 7. Ngf3 O-O 8. Bd3 Ba6 9. Bxa6 Nxa6 10. O-O Qc8 11. Re1 Qb7 12. h3 Nc7 13. Qe2 d6 14.
a4 a6 15. Nc4 Rfd8 16. Bg5 h6 17. Bh4 Ncd5 18. Bg3 b5 19. Na5 Qb6 20. axb5 axb5 21.
Nb3 Ra4 22. Rxa4 bxa4 23. Nc1 Rb8 24. Nd3 Qb5 25. Nd2 Qb7 26. Nc4 Qc6 27. Ne3 a3 28. Nxd5 Nxd5 29. c4 Qxc4 30. bxa3 Qxd4 31. Rd1 Nc3 32.
Qd2 Nxd1 33. Qxd1 Rc8 34. Qb3 Rc3 35. Qb8+ Kh7 36. Nf4 Rxg3 0-1

[Event "*** Titled Tuesday Blitz"]
[Site "Chess.com"]
[Date "2020.05.26"]
[Round "1"]
[White "Quiet_Desperation"]
[Black "stolencandy13"]
[Result "0-1"]
[WhiteElo "2204"]
[BlackElo "2552"]
[TimeControl "180+1"]
[EndTime "10:04:55 PDT"]
[Termination "stolencandy13 won by resignation"]

1. e4 c6 2. c4 d5 3. exd5 cxd5 4. d4 Nf6 5. Nf3 e6 6. Nc3 Bb4 7. Bg5 Nc6 8. Bd3 dxc4 9. Bxc4 O-O 10. O-O Be7 11. Re1 a6 12. Rc1 b5 13. Bd3 Bb7 14.
Bb1 Rc8 15. a3 Na5 16. Qd3 g6 17. Bh6 Re8 18. Ba2 Nc4 19. Bxc4 Rxc4 20. Rcd1 Bxf3 21.
Qxf3 Rxd4 22. Rxd4 Qxd4 23. Qc6 Qd6 24. Qb7 Ng4 25. Ne4 Qxh2+ 0-1

[Event "*** Titled Tuesday Blitz"]
[Site "Chess.com"]
[Date "2020.05.26"]
[Round "1"]
[White "XiaoKangZhong"]
[Black "Beca95"]
[Result "0-1"]
[WhiteElo "2421"]
[BlackElo "2868"]
[TimeControl "180+1"]
[EndTime "10:05:01 PDT"]
[Termination "Beca95 won by resignation"]

1. e4 c5 2. c3 Nf6 3. e5 Nd5 4. d4 e6 5. Nf3 cxd4 6. cxd4 d6 7. Bc4 Nc6 8. O-O Nb6 9. Bb5 Bd7 10.
Nc3 a6 11. Bxc6 Bxc6 12. exd6 Bxd6 13. Ne5 O-O 14. Nxc6 bxc6 15. Qf3 Nd5 16. Ne4 Be7 17. Bd2 a5 18. Rfc1 Qb6 19. Bc3 a4 20. Nc5 Ra7 21.
Rab1 Qb8 22. g3 Bxc5 23. dxc5 f6 24. b4 axb3 25. axb3 Qb5 26. b4 e5 27. Qg4 Ra3 28. Be1 f5 29. Qh3 Nf4 30. Qf1 Ne2+ 31. Kg2 f4 32. f3 e4 33. fxe4 fxg3 34. Bxg3 Rxf1 35. Rxf1 Nxg3 36. hxg3 Qe2+ 0-1

[Event "*** Titled Tuesday Blitz"]
[Site "Chess.com"]
[Date "2020.05.26"]
[Round "1"]
[White "SketchyMoves"]
[Black "WeAintSurePal"]
[Result "1-0"]
[WhiteElo "2638"]
[BlackElo "2301"]
[TimeControl "180+1"]
[EndTime "10:05:03 PDT"]
[Termination "SketchyMoves won by resignation"]

1. e4 c6 2. Nc3 d5 3. Nf3 dxe4 4. Nxe4 Nf6 5. Qe2 Bf5 6. Nxf6+ gxf6 7. d3 e6 8. g3 Nd7 9. Bd2 Bd6 10. Bc3 Qc7 11.
Bg2 O-O-O 12. a4 Ne5 13. Qe3 Kb8 14. a5 Nxf3+ 15. Qxf3 Be5 16. a6 Bxc3+ 17. bxc3 Qe5+ 18. Kd2 h5 19. Rhb1 Rd7 20. Qxc6 1-0

[Event "*** Titled Tuesday Blitz"]
[Site "Chess.com"]
[Date "2020.05.26"]
[Round "1"]
[White "GM4life"]
[Black "praveenb2002"]
[Result "0-1"]
[WhiteElo "2384"]
[BlackElo "2754"]
[TimeControl "180+1"]
[EndTime "10:05:04 PDT"]
[Termination "praveenb2002 won by resignation"]

1. e4 c6 2. d4 d5 3. e5 Bf5 4. h4 h5 5. c4 e6 6. Nc3 Nd7 7.
Nge2 Ne7 8. Ng3 Bg6 9. Bg5 Qb6 10. Rc1 Qxb2 11. Bd3 dxc4 12. Bxc4 O-O-O 13. O-O Nxe5 14. Qa4 Nxc4 15. Qxc4 Qb6 16. Na4 Qxd4 17. Qb3 Nd5 18. Bxd8 Bd6 19. Rfd1 Qg4 20. Bg5 Bxg3 21. Qxg3 Qxa4 22.
Qe5 Qxa2 23. Ra1 Qb3 24. Rab1 Bxb1 25. Qxg7 Qxd1+ 26. Kh2 0-1

[Event "*** Titled Tuesday Blitz"]
[Site "Chess.com"]
[Date "2020.05.26"]
[Round "1"]
[White "Konek-Gorbunok"]
[Black "stoleriu"]
[Result "1/2-1/2"]
[WhiteElo "2215"]
[BlackElo "2550"]
[TimeControl "180+1"]
[EndTime "10:05:04 PDT"]
[Termination "Game drawn by agreement"]

1. d4 e6 2. Nf3 Nf6 3. g3 b5 4. Bg2 d5 5. O-O Be7 6. Ne5 O-O 7. a4 b4 8. c4 bxc3 9. bxc3 a5 10. c4 c6 11. Nc3 Ba6 12. cxd5 cxd5 13. Re1 Bb4 14. Bd2 Nbd7 15. e4 Bxc3 16. Bxc3 Nxe4 17. Bxe4 dxe4 18. Bxa5 Qxa5 19. Nxd7 Rfd8 20. Nc5 Bd3 21. Nb7 Qd5 22. Nxd8 Rxd8 23. Qd2 Qxd4 24. Qe3 1/2-1/2

[Event "*** Titled Tuesday Blitz"]
[Site "Chess.com"]
[Date "2020.05.26"]
[Round "1"]
[White "ChessicallyInclined"]
[Black "today_good_day"]
[Result "1-0"]
[WhiteElo "2497"]
[BlackElo "2093"]
[TimeControl "180+1"]
[EndTime "10:05:05 PDT"]
[Termination "ChessicallyInclined won by resignation"]

1. d4 d5 2. c4 c6 3. Nc3 Nf6 4. Nf3 a6 5. c5 Nbd7 6. e3 Qc7 7. b4 e5 8. a4 Be7 9. Bb2 O-O 10. Be2 e4 11.
Nd2 b6 12. Nb3 bxc5 13. dxc5 Ne5 14. Nd4 Rb8 15. Ba3 a5 16. b5 cxb5 17. Ncxb5 Qd8 18. c6 Bxa3 19. c7 Bb4+ 20. Kf1 1-0

[Event "*** Titled Tuesday Blitz"]
[Site "Chess.com"]
[Date "2020.05.26"]
[Round "1"]
[White "pavelalexandru07"]
[Black "Alopekos"]
[Result "0-1"]
[WhiteElo "2143"]
[BlackElo "2513"]
[TimeControl "180+1"]
[EndTime "10:05:06 PDT"]
[Termination "Alopekos won by resignation"]

1. e4 c5 2. Nf3 e6 3. d4 cxd4 4. Nxd4 Nc6 5. Nc3 Qc7 6. Be2 a6 7. O-O Nf6 8. Be3 Bb4 9. f3 Ne5 10. Nb1 d5 11. a3 Be7 12. exd5 Nxd5 13. Bf2 O-O 14. Nd2 b5 15. Rc1 Bg5 16. c4 Ne3 17. cxb5 Nxd1 18. Rxc7 Nxf2 19. Kxf2 Bxd2 20. Rd1 Ba5 21. Re7 Bb6 22. Kg3 Ng6 0-1

[Event "*** Titled Tuesday Blitz"]
[Site "Chess.com"]
[Date "2020.05.26"]
[Round "1"]
[White "Playgood28"]
[Black "GregShahade"]
[Result "1/2-1/2"]
[WhiteElo "2303"]
[BlackElo "2622"]
[TimeControl "180+1"]
[EndTime "10:05:07 PDT"]
[Termination "Game drawn by agreement"]

1. d4 Nf6 2. c4 g6 3. Nc3 d5 4. e3 Bg7 5. Nf3 O-O 6. b4 b6 7. Ba3 Bb7 8. Rc1 Nbd7 9. Qb3 e6 10.
b5 Re8 11. cxd5 exd5 12. Be2 a6 13. O-O Ne4 14. Nxe4 dxe4 15. Nd2 Nf6 16. bxa6 Bxa6 17. Bxa6 Rxa6 18. Bb2 Nd5 19. a3 h5 20. Qc2 Ra7 21.
Nxe4 Qe7 22. Nc3 Nxc3 23. Qxc3 c5 24. Qb3 cxd4 25. Bxd4 Bxd4 26. exd4 1/2-1/2

[Event "*** Titled Tuesday Blitz"]
[Site "Chess.com"]
[Date "2020.05.26"]
[Round "1"]
[White "DaggiGretarsson"]
[Black "ArnieChipmunk"]
[Result "1-0"]
[WhiteElo "2627"]
[BlackElo "2291"]
[TimeControl "180+1"]
[EndTime "10:05:09 PDT"]
[Termination "DaggiGretarsson won by resignation"]

1. d4 d5 2. c4 e6 3. Nc3 Nf6 4.
Bf4 Be7 5. e3 O-O 6. Qc2 b6 7. Nf3 Bb7 8. cxd5 Nxd5 9. Nxd5 Bxd5 10. Bd3 Bb4+ 11. Ke2 Bd6 12. Bxd6 cxd6 13. Bxh7+ Kh8 14. Be4 Nc6 15. Bxd5 Nb4 16. Qe4 Nxd5 17. Rhc1 Qd7 18. Ng5 Qb5+ 19. Qd3 Qxd3+ 20. Kxd3 Kg8 21. a3 Rac8 22. Ne4 1-0

[Event "*** Titled Tuesday Blitz"]
[Site "Chess.com"]
[Date "2020.05.26"]
[Round "1"]
[White "albi1999"]
[Black "MacDaddyMac"]
[Result "1-0"]
[WhiteElo "2606"]
[BlackElo "2263"]
[TimeControl "180+1"]
[EndTime "10:05:11 PDT"]
[Termination "albi1999 won by resignation"]

1. d4 Nf6 2. c4 e6 3. Nf3 b6 4.
g3 Bb7 5. Bg2 Be7 6. O-O O-O 7.
Nc3 Ne4 8. Bd2 f5 9. Ne5 Nxc3 10. Bxc3 Bxg2 11. Kxg2 d6 12. Nd3 Nd7 13. e3 c5 14.
Nf4 Rf6 15. d5 e5 16. Ne6 Qc8 17. f4 a6 18. a4 a5 19. Qb3 Qb8 20. Qc2 g6 21. Rae1 Nf8 22. Nxf8 Rxf8 23. e4 exf4 24. exf5 Bf6 25. fxg6 Bxc3 26. gxh7+ Kh8 27. Qxc3+ Kxh7 28. Re7+ 1-0

[Event "*** Titled Tuesday Blitz"]
[Site "Chess.com"]
[Date "2020.05.26"]
[Round "1"]
[White "Julianos82"]
[Black "Alexander_Donchenko"]
[Result "0-1"]
[WhiteElo "2316"]
[BlackElo "2679"]
[TimeControl "180+1"]
[EndTime "10:05:12 PDT"]
[Termination "Alexander_Donchenko won by resignation"]

1. d4 Nf6 2. Nf3 d5 3. Bf4 c5 4.
e3 Nc6 5. c3 Qb6 6. Qb3 c4 7.
Qxb6 axb6 8. Nbd2 b5 9. Ne5 Bf5 10. a3 b4 11. Nxc6 bxc3 12. bxc3 bxc6 13. Be2 e6 14. O-O Kd7 15. Nf3 Bd6 16. Bxd6 Kxd6 17. Ne5 Ra7 18. f3 Rha8 19. e4 dxe4 20. Nxc4+ Ke7 21.
g4 Bg6 22. g5 Nd5 23. Rfc1 e3 24. Ne5 Rxa3 25. Rxa3 Rxa3 26. Nxc6+ Kd6 27. Ne5 Rxc3 28. Rxc3 Nxc3 29. Kf1 Kd5 0-1

[Event "*** Titled Tuesday Blitz"]
[Site "Chess.com"]
[Date "2020.05.26"]
[Round "1"]
[White "Rakesh"]
[Black "Evgeny81"]
[Result "0-1"]
[WhiteElo "2364"]
[BlackElo "2724"]
[TimeControl "180+1"]
[EndTime "10:05:13 PDT"]
[Termination "Evgeny81 won by resignation"]

1. e4 c6 2. c4 d5 3. cxd5 cxd5 4. exd5 Nf6 5. Qa4+ Nbd7 6. Nc3 g6 7. Bc4 Bg7 8.
d3 O-O 9. Nf3 a6 10. Qa3 b6 11.
O-O Bb7 12. Re1 Re8 13. Ng5 Rc8 14. d6 e6 15. Nge4 Nxe4 16. Nxe4 Bxe4 17. Rxe4 b5 18. Bb3 Nc5 19. Re2 Qxd6 20. Be3 Red8 21. Rd1 Nxb3 22.
Qxb3 Qd5 23. Qa3 Rc6 24. h3 Rdc8 25. d4 Bf8 26. Qd3 Qxa2 27. b3 Rc2 28. d5 Rxe2 0-1

[Event "*** Titled Tuesday Blitz"]
[Site "Chess.com"]
[Date "2020.05.26"]
[Round "1"]
[White "Aleksandar-Topalov"]
[Black "TheBigBoss04"]
[Result "0-1"]
[WhiteElo "2363"]
[BlackElo "2724"]
[TimeControl "180+1"]
[EndTime "10:05:14 PDT"]
[Termination "TheBigBoss04 won by resignation"]

1. b3 d5 2. Bb2 Bg4 3. f3 Bh5 4. e4 dxe4 5. Qe2 c6 6. Nc3 Nf6 7. Nxe4 Nxe4 8. Qxe4 Qd5 9. Qxd5 cxd5 10. Bb5+ Nc6 11. Ne2 e6 12. Nf4 Bg6 13. Nxg6 hxg6 14.
O-O-O Rc8 15. Kb1 a6 16. Bxc6+ Rxc6 17. h3 b5 18. Rhe1 f6 19. Re2 Kf7 20. Rde1 Bb4 21.
a3 Ba5 22. b4 Bb6 23. d3 a5 24.
f4 axb4 25. axb4 Ra8 26. d4 Ra4 27. c3 Ra7 28. h4 Ra8 29. g3 Rh8 30. Rh1 Rc4 31.
Ka2 Ra8+ 32. Kb3 Rc6 33. Ra1 Rxa1 34. Bxa1 Rc7 35. Ra2 Ra7 36. Rxa7+ Bxa7 37. Kc2 g5 38. hxg5 fxg5 39. Kd3 gxf4 40. gxf4 Kg6 41. Ke3 Kf5 42.
Kf3 Bb8 43. Bb2 Bxf4 44. Ba3 g5 0-1

[Event "*** Titled Tuesday Blitz"]
[Site "Chess.com"]
[Date "2020.05.26"]
[Round "1"]
[White "Tesla37"]
[Black "Tsyhanchuk_Stanislav"]
[Result "1-0"]
[WhiteElo "2957"]
[BlackElo "2444"]
[TimeControl "180+1"]
[EndTime "10:05:15 PDT"]
[Termination "Tesla37 won by checkmate"]

1. e4 c5 2. Nf3 Nc6 3. Nc3 e6 4. d4 cxd4 5. Nxd4 Qb6 6. Ndb5 a6 7. Nd6+ Bxd6 8. Qxd6 Nf6 9. Be2 Qd4 10. Qg3 Nxe4 11. Nxe4 Qxe4 12. Qxg7 Qd4 13. Qg3 Qe5 14. Bf4 Qxb2 15.
O-O Nd4 16. Bd3 f6 17. Qg7 Rf8 18. Bd6 Rf7 19. Qh8+ Rf8 20. Qxf8# 1-0

[Event "*** Titled Tuesday Blitz"]
[Site "Chess.com"]
[Date "2020.05.26"]
[Round "1"]
[White "doctorcristian"]
[Black "MrMatesM"]
[Result "1-0"]
[WhiteElo "2294"]
[BlackElo "2596"]
[TimeControl "180+1"]
[EndTime "10:05:16 PDT"]
[Termination "doctorcristian won by resignation"]

1. d4 Nf6 2. Nc3 d5 3. Bf4 e6 4. Nb5 Na6 5. e3 c6 6. Nc3 Nc7 7. Nf3 Bb4 8. Bd3 Ne4 9. Bxe4 dxe4 10. Nd2 f5 11. O-O Nd5 12. Nxd5 exd5 13. Be5 O-O 14. a3 Bd6 15. f4 b6 16. Kh1 Ba6 17. Rg1 Bc8 18.
c4 Bxe5 19. dxe5 Be6 20. cxd5 Qxd5 21. Nb1 Rfd8 22. Nc3 Qd3 23. Re1 Rd7 24. Qh5 Qc2 25. Re2 Qb3 26. h3 Rad8 27. g4 g6 28. Qh4 Rd2 29.
Rae1 Qxb2 30. Qxd8+ 1-0

[Event "*** Titled Tuesday Blitz"]
[Site "Chess.com"]
[Date "2020.05.26"]
[Round "1"]
[White "pollo2016"]
[Black "DonPreuss"]
[Result "1-0"]
[WhiteElo "2582"]
[BlackElo "2235"]
[TimeControl "180+1"]
[EndTime "10:05:17 PDT"]
[Termination "pollo2016 won by resignation"]

1. d4 Nc6 2. Nf3 d6 3. c4 g6 4. d5 Ne5 5. Nxe5 dxe5 6. Nc3 Bg7 7. g3 f5 8. e4 Nf6 9. Bg2 O-O 10. O-O fxe4 11.
Nxe4 Nxe4 12. Bxe4 Bf5 13. Qc2 Bh3 14. Re1 Qd6 15.
Bg5 Rf7 16. c5 Qd7 17. c6 bxc6 18. Qxc6 Qxc6 19. dxc6 Rd8 20. Rad1 Rd6 21. Be3 a6 22. Bc5 Rdf6 23. Rd7 h5 24. Rxc7 e6 25. Rxf7 Rxf7 26.
Bd6 h4 1-0

[Event "*** Titled Tuesday Blitz"]
[Site "Chess.com"]
[Date "2020.05.26"]
[Round "1"]
[White "VitaliyBernadskiy"]
[Black "Nathan_Filgueiras"]
[Result "1-0"]
[WhiteElo "2685"]
[BlackElo "2320"]
[TimeControl "180+1"]
[EndTime "10:05:19 PDT"]
[Termination "VitaliyBernadskiy won by resignation"]

1. d4 Nf6 2. c3 e6 3. Bf4 c5 4. e3 Nc6 5. Bd3 d5 6. Nd2 Qb6 7. Rb1 Be7 8. Ngf3 Qd8 9. Qe2 O-O 10. h4 Re8 11. h5 h6 12. Bc2 b6 13. g4 Nh7 14. Rg1 a5 15. Bd3 Ng5 16. Nxg5 Bxg5 17. Bxg5 Qxg5 18. f4 Qh4+ 19. Kd1 Bd7 20. Nf3 Qh3 21. Qf2 cxd4 22. exd4 e5 23. Bf1 Qxg4 24. Rxg4 Bxg4 25. fxe5 1-0

[Event "*** Titled Tuesday Blitz"]
[Site "Chess.com"]
[Date "2020.05.26"]
[Round "1"]
[White "AleksanderHnydiuk"]
[Black "floplover"]
[Result "0-1"]
[WhiteElo "2553"]
[BlackElo "2238"]
[TimeControl "180+1"]
[EndTime "10:05:21 PDT"]
[Termination "floplover won by resignation"]

1. Nf3 d5 2. d4 e6 3. c4 Nf6 4. g3 Be7 5. Bg2 O-O 6. Qc2 dxc4 7.
Qxc4 a6 8. Qc2 Nc6 9. O-O Bd7 10. Rd1 Nb4 11. Qb3 Bc6 12. a3 Bd5 13. Qc3 Ne4 14. axb4 Nxc3 15. bxc3 c6 16. Nbd2 Bxf3 17. Bxf3 a5 18. b5 cxb5 19. Bxb7 Ra7 20. Bf3 b4 21. cxb4 Qxd4 22. Rb1 axb4 23. Bb2 Qc5 24. Ne4 Qb5 25.
Rdc1 f5 26. Nd2 Bf6 27. Bxf6 Rxf6 28. Nc4 Rc7 29. Nd6 Rxc1+ 30. Rxc1 Qb8 31. Rc8+ Qxc8 32. Nxc8 b3 0-1